 Dungeon Crawl Stone Soup version 0.30.0-19-g36f170ea60 (webtiles) character file.

Game seed: 11906156699219754999

19276 olmar the Basher (level 12, -18/107 (110) HPs)
             Began as an Armataur Fighter on June 2, 2023.
             Was an Initiate of Gozag.
             Demolished by an ettin
             ... wielding a +2 heavy dire flail
              (22 damage)
             ... on level 2 of the Orcish Mines.
             The game lasted 00:19:39 (11873 turns).

olmar the Basher (Armataur Fighter)                Turns: 11873, Time: 00:19:40

HP:   -18/107 (110) AC: 19    Str: 26    XL:     12   Next: 35%
MP:   12/12         EV:  7    Int: 12    God:    Gozag
Gold: 2046          SH: 12    Dex: 15    Spells: 11/11 levels left

rFire   . . .        d - +3 flail (protect)
rCold   . . .        I - +0 kite shield
rNeg    . . .        H - +2 scale mail "Yskiolu" {Int+2 Stlth+}
rPois   .            R - +0 hat "Ititt" {Fly}
rElec   .            L - scarf {repulsion}
rCorr   +            s - +0 pair of gloves
SInv    .            (no barding)
Will    .....        v - amulet of regeneration
Stlth   ++           k - ring of resist corrosion
HPRegen 1.17/turn    G - +6 ring of dexterity
MPRegen 0.13/turn

%: repel missiles, roll
@: under a protective aura, flying, lightly drained
A: large, rugged brown scales 3, deformed body, armoured tail, roll, long
tongue, awkward tongue
a: Renounce Religion, Potion Petition, Call Merchant, Bribe Branch


You were on level 2 of the Orcish Mines.
You worshipped Gozag.
Gozag was most pleased with you.
You visited 3 branches of the dungeon, and saw 15 of its levels.
You also visited: Ossuary.

You collected 2869 gold pieces.
You spent 723 gold pieces at shops.
You paid 100 gold pieces to Gozag.

Inventory:

Hand Weapons
 a - a +0 flail
 d - a +3 flail of protection (weapon)
 K - a +3 morningstar
Missiles
 f - 16 poisoned darts
 F - 3 curare-tipped darts (quivered)
Armour
 c - a +0 buckler
 m - a +0 chain mail
 s - a +0 pair of gloves (worn)
 H - the +2 scale mail "Yskiolu" (worn) {Int+2 Stlth+}
   (You bought it in a shop on level 3 of the Dungeon)

   Int:       It affects your intelligence (+2).
   Stlth:     It makes you more stealthy.
 I - a +0 kite shield (worn)
 L - a scarf of repulsion (worn)
 R - the +0 hat "Ititt" (worn) {Fly}
   (You bought it in a shop on level 1 of the Orcish Mines)

   Fly:       It grants you flight.
Jewellery
 k - a ring of resist corrosion (left hand)
 q - a ring of fire
 v - an amulet of regeneration (around neck)
 A - a ring of ice
 G - a +6 ring of dexterity (right hand)
Wands
 j - a wand of digging (5)
 t - a wand of paralysis (3)
 y - a wand of quicksilver (9)
 B - a wand of flame (68)
 E - a wand of iceblast (7)
Scrolls
 b - 4 scrolls of noise
 h - a scroll of enchant armour
 i - 3 scrolls of identify
 n - a scroll of enchant weapon
 o - a scroll of magic mapping
 p - 5 scrolls of teleportation
 u - 2 scrolls of immolation
 z - a scroll of vulnerability {unknown}
 D - a scroll of summoning {unknown}
 J - a scroll of silence {unknown}
 N - a scroll of torment {unknown}
 P - 2 scrolls of fear
Potions
 g - 7 potions of curing
 l - 2 potions of degeneration
 r - a potion of brilliance
 w - 7 potions of berserk rage
 x - 2 potions of magic
 C - a potion of mutation
 M - a potion of invisibility
 O - a potion of haste {unknown}
 Q - 2 potions of attraction {unknown}


   Skills:
 + Level 8.3 Fighting
 + Level 12.1 Maces & Flails
 + Level 2.5 Throwing
 + Level 11.5 Armour
 - Level 0.2 Dodging
 - Level 3.4 Stealth
 + Level 10.6 Shields
 + Level 0.3 Evocations


You had 11 spell levels left.
You didn't know any spells.
Your spell library contained the following spells:

 Spells                   Type           Power      Damage    Failure   Level
 Magic Dart               Conj           0%         1d3       71%         1
 Sandblast                Erth           0%         2d4       71%         1
 Slow                     Hex            0%         N/A       71%         1
 Summon Small Mammal      Summ           0%         N/A       71%         1
 Passwall                 Tmut/Erth      0%         N/A       85%         2
 Static Discharge         Conj/Air       0%         2-2/arc   85%         2
 Call Canine Familiar     Summ           0%         N/A       97%         3
 Confusing Touch          Hex            0%         N/A       97%         3
 Ignite Poison            Fire/Tmut/Pois 0%         N/A       97%         3
 Ozocubu's Armour         Ice            0%         N/A       97%         3
 Stone Arrow              Conj/Erth      0%         3d7       97%         3
 Summon Guardian Golem    Hex/Summ       0%         N/A       97%         3
 Vampiric Draining        Necr           0%         2d6       97%         3
 Airstrike                Air            0%         2d(0-16)  100%        4
 Cause Fear               Hex            0%         N/A       100%        4
 Summon Lightning Spire   Summ/Air       0%         N/A       100%        4
 Alistair's Intoxication  Tmut/Pois      0%         N/A       100%        5
 Borgnjor's Vile Clutch   Necr/Erth      0%         N/A       100%        5
 Metabolic Englaciation   Hex/Ice        0%         N/A       100%        5
 Eringya's Noxious Bog    Tmut/Pois      0%         N/A       100%        6
 Dragon Form              Tmut           0%         N/A       100%        7
 Dragon's Call            Summ           0%         N/A       100%        9
 Simulacrum               Ice/Necr       Unusable   N/A       N/A         6

Dungeon Overview and Level Annotations

Branches:
Dungeon (12/15)            Temple (1/1) D:6            Lair (0/5) D:9
    Orc (2/2) D:9             Elf (0/3) Orc:2       Ossuary (visited)

Altars:
Ashenzari
Cheibriados
Dithmenos
Elyvilon
Fedhas
Gozag
Hepliaklqana
Kikubaaqudgha
Makhleb
Nemelex Xobeh
Okawaru
Qazlal
Ru
Sif Muna
Trog
Uskayaw
Vehumet
Wu Jian
Xom
Yredelemnul
Zin
The Shining One

Shops:
D:3 [   D:8 *   Orc:1 *

Annotations:
Temple 2 transporters
Orc:2 Saint Roka


Innate Abilities, Weirdness & Mutations

You are completely covered in rugged brown scales. (AC +3, +7% HP)
Armour fits poorly on your strangely shaped body.
You have a long armoured tail.
You roll when moving toward enemies. (Rampage)
Your long tongue fully drains potion bottles. (2x potion effects)
Your tongue gives you trouble enunciating. (1.5x scroll delay)


Message History

The ettin closely misses you. The ettin completely misses you.
You sock the ettin!
The ettin is lightly wounded.
Unknown command.
You barely miss the ettin.
The ettin is lightly wounded.
You block the ettin's attack.
The ettin hits you with a +0 great mace.
Unknown command.
You thump the ettin!
The ettin is moderately wounded.
You thump the ettin!
The ettin is heavily wounded.
The warg barely misses you.
Unknown command.
You sock the ettin!
Your tail-slap misses the ettin.
The ettin is severely wounded.
You block the warg's attack.
The ettin hits you with a +2 heavy dire flail!!
The ettin hits you with a +0 great mace!!
Unknown command.
You are too injured to fight recklessly!
You are too injured to fight recklessly!
You feel much better.
You slurp down every last drop of the potion of heal wounds!
The ettin is no longer moving slowly.
You block the warg's attack.
You hit the ettin but do no damage.
The ettin is severely wounded.
The warg barely misses you. The ettin completely misses you.
The ettin hits you with a +0 great mace!!!
Unknown command.
You hit the ettin but do no damage.
The ettin is severely wounded.
The warg bites you!
* * * LOW HITPOINT WARNING * * *
The ettin hits you with a +2 heavy dire flail!!
* * * LOW HITPOINT WARNING * * *
The ettin hits you with a +0 great mace!!
You die...
Your body crumbles into a pile of gold.

## ### .......
##.##.##..........#
......##..........
.....#...........
#...............
#.(.............
#..C.h..........
#...@.$.........
##.##...........
###..####..#...
#$..# ## ##..#
##..## ... ....#
#... ##.#. .....
##.#####.....


You could see an ettin (poisoned) and a warg.

Vanquished Creatures
  4 two-headed ogres
  A boulder beetle (D:12)
  4 orc knights
  2 orc sorcerers (Orc:2)
  2 cyclopes
  Maurice (D:11)
  2 gargoyles (D:12)
  A freezing wraith (D:12)
  5 trolls
  A hornet (D:9)
  4 polar bears (D:8)
  Eustachio (D:6)
  3 wraiths (D:10)
  11 yaks
  A vampire (D:10)
  A ynoxinul (D:10)
  An unseen horror simulacrum (D:8)
  A steam dragon (D:9)
  Edmund (D:4)
  4 wargs (Orc:1)
  21 orc warriors
  3 ice beasts
  3 black bears
  A sky beast (D:7)
  3 centaurs
  7 ogres
  3 phantoms
  3 kobold brigands
  3 bullfrogs
  3 gnoll sergeants
  3 scorpions (D:9)
  12 wights
  2 troll zombies (Ossuary)
  5 howler monkeys
  2 centaur zombies (Ossuary)
  3 hounds
  3 human zombies (Ossuary)
  6 orc priests
  4 jellies
  2 sleepcaps (D:5)
  3 iguanas
  Natasha (thrice) (D:3)
  9 orc wizards
  An ogre zombie (Ossuary)
  A centaur simulacrum (D:8)
  8 mummies
  5 gnolls
  7 adders
  8 white imps
  2 ufetubi
  6 adder zombies (Ossuary)
  A worm (D:2)
  47 orcs
  5 ball pythons
  11 bats
  5 endoplasms
  3 giant cockroaches
  10 hobgoblins
  7 jackals
  A quokka (D:5)
  4 frilled lizards (D:1)
  2 goblins
  3 goblin zombies
  5 hobgoblin zombies (Ossuary)
  9 kobolds
  5 kobold zombies (Ossuary)
  An orc zombie (D:7)
  2 quokka zombies (Ossuary)
  6 rats
  2 rat zombies (Ossuary)
325 creatures vanquished.

Vanquished Creatures (others)
  An orc (Orc:2)
1 creature vanquished.

Grand Total: 326 creatures vanquished

Notes
Turn   | Place    | Note
-------+----------+-------------------------------------------
     0 | D:1      | olmar the Armataur Fighter began the quest for the Orb.
     0 | D:1      | Reached XP level 1. HP: 19/19 MP: 1/1
    16 | D:1      | Found a faded altar of an unknown god.
    36 | D:1      | Prayed at the altar of an unknown god.
    36 | D:1      | Became a worshipper of Ru the Awakened
   206 | D:1      | Fell from the grace of Ru
   316 | D:1      | Reached XP level 2. HP: 13/27 MP: 2/2
   938 | D:1      | Reached skill level 2 in Maces & Flails
  1066 | D:2      | Reached XP level 3. HP: 32/33 MP: 3/3
  1319 | D:2      | Reached XP level 4. HP: 29/40 MP: 4/4
  1710 | D:3      | Found Ygay's Antique Armour Shop.
  1817 | D:3      | Found a hazy altar of Hepliaklqana.
  1884 | D:3      | Noticed Natasha
  1892 | D:3      | Killed Natasha
  1893 | D:3      | Reached skill level 3 in Maces & Flails
  1941 | D:3      | Found a white marble altar of Elyvilon.
  1977 | D:3      | Noticed Natasha
  1982 | D:3      | Killed Natasha
  2049 | D:3      | Noticed Natasha
  2061 | D:3      | Killed Natasha
  2062 | D:3      | Reached XP level 5. HP: 31/48 MP: 5/5
  2409 | D:4      | Found a sacrificial altar of Ru.
  2724 | D:4      | Reached skill level 5 in Armour
  2735 | D:4      | Reached skill level 4 in Maces & Flails
  2964 | D:4      | Noticed Edmund
  2981 | D:4      | Reached XP level 6. HP: 50/54 MP: 6/6
  2991 | D:4      | Killed Edmund
  3654 | D:5      | Entered Level 5 of the Dungeon
  3749 | D:5      | Reached XP level 7. HP: 54/62 MP: 7/7
  3829 | D:5      | Reached skill level 5 in Maces & Flails
  4075 | D:5      | Found a hide-covered altar of Uskayaw.
  4634 | D:6      | Reached skill level 6 in Maces & Flails
  4634 | D:6      | Reached XP level 8. HP: 63/70 MP: 8/8
  4680 | D:6      | Reached skill level 5 in Shields
  4739 | D:6      | Found a staircase to the Ecumenical Temple.
  4751 | Temple   | Entered the Ecumenical Temple
  4751 | Temple   | Found a transporter.
  4751 | Temple   | Found a transporter.
  4753 | Temple   | Found a transporter.
  4753 | Temple   | Found a transporter.
  4770 | Temple   | Became a worshipper of Gozag Ym Sagoz the Greedy
  4969 | D:6      | Noticed Eustachio
  4983 | D:6      | Killed Eustachio
  5082 | D:7      | Found a sand-covered staircase.
  5097 | D:7      | Reached skill level 7 in Maces & Flails
  5104 | Ossuary  | Entered an ossuary
  5537 | Ossuary  | Reached XP level 9. HP: 77/77 MP: 9/9
  5686 | D:7      | Found a burning altar of Makhleb.
  6013 | D:7      | Reached skill level 5 in Fighting
  6037 | D:7      | Reached skill level 8 in Maces & Flails
  6264 | D:7      | Found an iron altar of Okawaru.
  6452 | D:7      | Found an ornate altar of the Wu Jian Council.
  6573 | D:3      | Bought an ichor-stained scale mail for 216 gold pieces
  6573 | D:3      | Identified the +2 scale mail "Yskiolu" {Int+2 Stlth+} (You
                  | bought it in a shop on level 3 of the Dungeon)
  6777 | D:8      | Reached skill level 1 in Stealth
  6813 | D:8      | Noticed a polar bear
  6822 | D:8      | Killed a polar bear
  6947 | D:8      | Found an ancient bone altar of Kikubaaqudgha.
  6981 | D:8      | Noticed a cyclops
  6998 | D:8      | Killed a cyclops
  6999 | D:8      | Reached XP level 10. HP: 33/88 MP: 10/10
  7084 | D:8      | Reached skill level 9 in Maces & Flails
  7262 | D:8      | Found Buumam's Island Escapes.
  7697 | D:9      | Found a staircase to the Orcish Mines.
  7709 | D:9      | Reached skill level 10 in Armour
  7804 | D:9      | Noticed a two-headed ogre
  7815 | D:9      | Killed a two-headed ogre
  7816 | D:9      | Reached skill level 10 in Maces & Flails
  7950 | D:9      | Found a staircase to the Lair.
  8409 | D:10     | Entered Level 10 of the Dungeon
  8438 | D:10     | Reached XP level 11. HP: 87/97 MP: 11/11
  8469 | D:10     | You fall into a shaft and drop 2 floors!
  8487 | D:12     | Noticed a two-headed ogre
  8613 | D:12     | Noticed a boulder beetle
  8636 | D:12     | Killed a boulder beetle
  8914 | D:11     | Noticed Maurice
  8949 | D:11     | Killed Maurice
  9097 | D:11     | Reached skill level 11 in Maces & Flails
  9346 | D:10     | Found a sparkling altar of Nemelex Xobeh.
  9412 | D:10     | Noticed a two-headed ogre
  9446 | D:10     | Killed a two-headed ogre
  9526 | D:10     | Reached skill level 1 in Throwing
  9607 | D:10     | Found a bloodstained altar of Trog.
  9637 | D:10     | Found a shimmering blue altar of Sif Muna.
  9656 | D:10     | Got Sif Muna's Atlas of Terrestrial Venom
  9788 | Orc:1    | Entered Level 1 of the Orcish Mines
  9853 | Orc:1    | Found Unibon's Assorted Antiques.
  9888 | Orc:1    | Noticed a two-headed ogre
  9889 | Orc:1    | Bought a faintly glowing hat for 270 gold pieces
  9889 | Orc:1    | Identified the +0 hat "Ititt" {Fly} (You bought it in a
                  | shop on level 1 of the Orcish Mines)
  9889 | Orc:1    | Bought a scroll of teleportation for 90 gold pieces
  9889 | Orc:1    | Bought a grey potion for 27 gold pieces
  9889 | Orc:1    | Bought a scroll of identify for 60 gold pieces
  9889 | Orc:1    | Bought a scroll of identify for 60 gold pieces
  9900 | Orc:1    | Killed a two-headed ogre
  9941 | Orc:1    | Noticed a two-headed ogre
  9950 | Orc:1    | Killed a two-headed ogre
 10086 | Orc:1    | Found a shimmering blue altar of Sif Muna.
 10139 | Orc:1    | Got Sif Muna's Dissertation on the Missiles
 10238 | Orc:1    | You are sucked into a shaft and drop 1 floor!
 10238 | Orc:2    | Entered Level 2 of the Orcish Mines
 10238 | Orc:2    | Noticed an orc knight
 10238 | Orc:2    | Noticed an orc sorcerer
 10238 | Orc:2    | Found a staircase to the Elven Halls.
 10241 | Orc:2    | Noticed an orc knight
 10248 | Orc:2    | Killed an orc sorcerer
 10249 | Orc:2    | Reached skill level 10 in Shields
 10249 | Orc:2    | Reached XP level 12. HP: 81/108 MP: 12/12
 11137 | Orc:2    | Noticed Saint Roka
 11392 | Orc:2    | Reached skill level 12 in Maces & Flails
 11401 | Orc:2    | Noticed an orc high priest
 11840 | Orc:2    | Noticed an ettin
 11873 | Orc:2    | HP: 4/107 [ettin/+2 heavy dire flail (27)]
 11873 | Orc:2    | Demolished by an ettin

Illustrated notes

Levels and vault maps discovered:
D:1:      mushboom_english_gardens, layout_basic,
          ebering_ecumenical_altar_abandoned, serial_forest,
          infiniplex_forest_straight_2, infiniplex_forest_lined_ring,
          infiniplex_forest_end_3, infiniplex_forest_lined_room_2,
          infiniplex_forest_clump_medium, infiniplex_forest_straight_5,
          amcnicky_mini_corridor_feature, dk_noncrumbling_4, glass_columns_a
D:2:      layout_rooms, kennysheep_path_1
D:3:      layout_rooms, nicolae_hepliaklqana_hippocampus,
          mainiacjoe_overflow_paths, serial_shops, nicolae_shop_trees,
          uniq_natasha
D:4:      layout_layer_cave, kennysheep_mini_moat, roderic_batcave,
          kennysheep_generic_room_8, uniq_edmund
D:5:      layout_gridville, mainiacjoe_overflow_brackets, serial_bayou_lake_a
D:6:      layout_rooms, minmay_temple_entry_drinking_statues,
          minmay_misc_feat_more_columns, uniq_eustachio
D:7:      layout_gridville, mainiacjoe_overflow_boulevard,
          mainiacjoe_overflow_swirl, nicolae_ossuary_entry_giza
D:8:      layout_cave_pools, nicolae_overflow_crystal_walls, serial_ice,
          serial_ice_e, serial_ice_b, serial_ice_g, serial_ice_k, serial_ice_a,
          serial_ice_c, serial_ice_d, serial_ice_m, nicolae_island_escapes
D:9:      layout_irregular_city, grunt_lair_entry_orc_guard_hut,
          kennysheep_orc_monster_closet_entryway
D:10:     layout_roguey, nzn_overflow_gifts_of_might_and_magic,
          nemelex_xobeh_ov_fountains_minmay, serial_glass, glass_columns_c,
          glass_columns_a, kennysheep_doodads
D:11:     hellmonk_paralyzer, layout_loops_ring, uniq_maurice
D:12:     layout_basic
Temple:   hellmonk_temple_divided_pantheon
Orc:1:    layout_caves, serial_shops, shop, led_sif_book
Orc:2:    grunt_orc_cross, layout_caves

Skill      XL: |  1  2  3  4  5  6  7  8  9 10 11 12 |
---------------+-------------------------------------+-----
Fighting       | 3 4 5 6 8 |  8.3
Armour         | 4 5 6 7 8 9 10 11 | 11.5
Maces & Flails | 2 3 4 6 7 8 10 11 12 | 12.1
Shields        | 4 5 6 8 10 | 10.6
Stealth        | 1 3 |  3.4
Throwing       | 1 2 |  2.5
Dodging        | |  0.2
Evocations     | |  0.3

Action                     |  1- 3 |  4- 6 |  7- 9 | 10-12 || total
---------------------------+-------+-------+-------+-------++-------
  Melee: Flail             |   105 |   166 |   459 |   694 ||  1424
         Tailslap          |     8 |    17 |    66 |   125 ||   216
  Throw: Dart              |       |       |     1 |    23 ||    24
 Invoke: Renounce Religion |     1 |       |       |       ||     1
  Evoke: Wand              |       |       |       |     6 ||     6
    Use: Scroll            |       |     5 |    11 |     3 ||    19
         Potion            |       |     3 |     1 |     8 ||    12
   Stab: Distracted        |       |       |     1 |       ||     1
         Invisible         |       |       |       |    15 ||    15
         Sleeping          |       |       |       |     1 ||     1
         Paralysed         |       |       |       |    12 ||    12
 Armour: Scale mail        |    60 |     9 |    71 |   315 ||   455
         Chain mail        |       |    95 |   256 |       ||   351
  Dodge: Dodged            |    39 |    50 |   157 |   193 ||   439
         Repelled          |       |       |       |     2 ||     2
  Block: Buckler           |    24 |    45 |    76 |       ||   145
         Kite shield       |       |       |    65 |   409 ||   474
